[Event "Early-Titled-Tuesday-Blitz-October-24-2023"]
[Site "Chess.com"]
[Date "2023.10.24"]
[Round "4"]
[White "Boninknights"]
[Black "JG-17"]
[Result "1-0"]
[WhiteElo "2302"]
[BlackElo "2469"]
[TimeControl "180+1"]
[EndTime "8:37:14 PDT"]
[Termination "Boninknights won by resignation"]

1. d4 d5 2. Nf3 Nf6 3. c4 e6 4.
Nc3 Be7 5. Bg5 O-O 6. e3 h6 7.
Bh4 b6 8. Rc1 Bb7 9. Bxf6 Bxf6 10. cxd5 exd5 11. b4 c6 12. Qb3 b5 13. a4 a6 14. Be2 Nd7 15. O-O Nb6 16. Rfd1 Nc4 17. e4 Bg5 18. Nxg5 Qxg5 19. exd5 cxd5 20. axb5 axb5 21.
Nxb5 Bc6 22. Nc3 Ra3 23. Qc2 Rfa8 24. Bxc4 dxc4 25. d5 Bd7 26. Qe4 Rc8 27. h4 Qf6 28.
Qd4 Qd6 29. Rb1 Bf5 30. Rb2 Bd3 31. Nb5 Qa6 32. Nxa3 Qxa3 33. Rbd2 Bg6 34. d6 c3 35. d7 Rd8 36. Re2 c2 37. Re8+ Kh7 38. Rxd8 Qc3 39. Rh8+ Kxh8 40. d8=Q+ Kh7 41. Qxc3 cxd1=Q+ 42. Qxd1 1-0

[Event "Early-Titled-Tuesday-Blitz-October-24-2023"]
[Site "Chess.com"]
[Date "2023.10.24"]
[Round "4"]
[White "the_chess_child"]
[Black "SaqoChess_Twitch"]
[Result "1-0"]
[WhiteElo "2945"]
[BlackElo "2572"]
[TimeControl "180+1"]
[EndTime "8:37:15 PDT"]
[Termination "the_chess_child won by checkmate"]

1. e4 c5 2. Nf3 d6 3. d3 Nf6 4. g3 e6 5. Bg2 Be7 6. O-O O-O 7. Re1 Nc6 8. c3 b5 9. d4 cxd4 10. cxd4 d5 11. e5 Ne4 12. Nbd2 Nxd2 13. Bxd2 b4 14. Rc1 Qb6 15. Be3 a5 16. h4 Ba6 17. h5 Rac8 18. h6 g6 19. Qd2 Rfe8 20. Bg5 Bxg5 21. Qxg5 Qd8 22. Qf4 Qe7 23. Nh2 Na7 24. Ng4 Rxc1 25.
Nf6+ Kh8 26. Rxc1 Rc8 27. Rxc8+ Nxc8 28. Qc1 Bb7 29. Bf1 Nb6 30. Qc5 Qxc5 31. dxc5 Na4 32. Nd7 Bc6 33. Nb8 Ba8 34. c6 Bxc6 35. Nxc6 Nxb2 36.
Nxa5 Na4 37. Nc6 Nc3 38. Nxb4 Kg8 39. f3 f6 40. exf6 Kf7 41. Kf2 Kxf6 42. Ke3 Kg5 43.
Kd4 Na4 44. Bb5 Nb2 45. Nd3 Nxd3 46. Bxd3 e5+ 47. Kxe5 Kh5 48. a4 g5 49. a5 d4 50. a6 g4 51. fxg4+ Kg5 52. a7 Kxh6 53. a8=Q Kg5 54. Qe4 Kh6 55. Qe3+ dxe3 56. Kf6 e2 57. g5+ Kh5 58. Bxe2# 1-0

[Event "Early-Titled-Tuesday-Blitz-October-24-2023"]
[Site "Chess.com"]
[Date "2023.10.24"]
[Round "4"]
[White "pinguino120"]
[Black "stasOR4ik"]
[Result "1-0"]
[WhiteElo "2198"]
[BlackElo "2379"]
[TimeControl "180+1"]
[EndTime "8:37:15 PDT"]
[Termination "pinguino120 won on time"]

1. e4 c6 2. d4 d5 3. e5 c5 4. c3 Nc6 5. Be2 Bf5 6. g4 Be4 7. f3 Bxb1 8. Rxb1 cxd4 9. cxd4 e6 10. f4 Qa5+ 11. Bd2 Qxa2 12. Nf3 Bb4 13. O-O Qa5 14.
Bxb4 Qxb4 15. Qd3 Nge7 16. f5 O-O 17. f6 Ng6 18. Qe3 Rfc8 19. h4 Nxd4 20. Nxd4 Nxh4 21. Rbd1 Qxb2 22. Qg5 Ng6 23. fxg7 Rc3 24. Qf6 Rc7 25.
g5 a5 26. Bh5 a4 27. Bxg6 hxg6 28. Nxe6 Qb6+ 29. Nd4 Qxf6 30. gxf6 a3 31. Kf2 a2 32. Rh1 1-0

[Event "Early-Titled-Tuesday-Blitz-October-24-2023"]
[Site "Chess.com"]
[Date "2023.10.24"]
[Round "4"]
[White "SargissyanSargis"]
[Black "vovachesss"]
[Result "0-1"]
[WhiteElo "2403"]
[BlackElo "2786"]
[TimeControl "180+1"]
[EndTime "8:37:16 PDT"]
[Termination "vovachesss won on time"]

1. e4 e5 2. Nf3 d5 3. exd5 e4 4. Qe2 Nf6 5. d3 Qxd5 6. Nc3 Bb4 7. Bd2 Bxc3 8. Bxc3 O-O 9. Ne5 Re8 10. dxe4 Nxe4 11. Rd1 Nxc3 12. Rxd5 Nxe2 13. Bxe2 c6 14. Rd2 Be6 15.
O-O Kf8 16. Rfd1 Bxa2 17. Nc4 b5 18. Nd6 Rd8 19. b3 Na6 20. Ra1 Nb4 21. c3 Nd5 22. Raxa2 Nxc3 0-1

[Event "Early-Titled-Tuesday-Blitz-October-24-2023"]
[Site "Chess.com"]
[Date "2023.10.24"]
[Round "4"]
[White "koncheto"]
[Black "CSB7"]
[Result "1-0"]
[WhiteElo "2545"]
[BlackElo "2713"]
[TimeControl "180+1"]
[EndTime "8:37:17 PDT"]
[Termination "koncheto won on time"]

1. e4 d5 2. exd5 Qxd5 3. Nf3 Bg4 4. Be2 Nc6 5. d4 O-O-O 6. c4 Qh5 7. Be3 Nf6 8. O-O e5 9. h3 exd4 10. hxg4 Nxg4 11.
Bf4 Bd6 12. Nh2 Qxh2+ 13. Bxh2 Nxh2 14. Re1 h5 15. Nd2 f5 16. c5 Be5 17. Nc4 Bf4 18. g3 Bg5 19. Kxh2 h4 20. g4 Bf4+ 21.
Kh3 d3 22. Bxd3 Nd4 23. Bxf5+ Nxf5 24. gxf5 1-0

[Event "Early-Titled-Tuesday-Blitz-October-24-2023"]
[Site "Chess.com"]
[Date "2023.10.24"]
[Round "4"]
[White "chessfatbear"]
[Black "Grischuk"]
[Result "0-1"]
[WhiteElo "2806"]
[BlackElo "2992"]
[TimeControl "180+1"]
[EndTime "8:37:18 PDT"]
[Termination "Grischuk won on time"]

1. Nf3 d5 2. d4 Nf6 3. Bf4 c5 4.
e3 Nc6 5. Nbd2 Qb6 6. dxc5 Qxb2 7. Rb1 Qc3 8. Bb5 g6 9. Ne5 Bd7 10. Bxc6 Bxc6 11. O-O Bg7 12. Nd3 Ne4 13. Nb3 g5 14. Bc7 Rc8 15. Ba5 Qc4 16. Nd4 Bxd4 17. exd4 Qxd4 18. Qe1 O-O 19. Kh1 Rce8 20. f3 Nxc5 21. Ne5 Qf4 22. Bd2 Qf5 23. Rb4 f6 24. Ng4 Qxc2 25. Rb1 h5 26. Rc1 Qg6 0-1

[Event "Early-Titled-Tuesday-Blitz-October-24-2023"]
[Site "Chess.com"]
[Date "2023.10.24"]
[Round "4"]
[White "OPQRC"]
[Black "vedantgoswami"]
[Result "1-0"]
[WhiteElo "2582"]
[BlackElo "2372"]
[TimeControl "180+1"]
[EndTime "8:37:19 PDT"]
[Termination "OPQRC won on time"]

1. e4 e5 2. Nc3 Bb4 3. Nf3 Bxc3 4. dxc3 d6 5. Bc4 Nf6 6. Qe2 h6 7. Be3 Nc6 8. O-O-O Qe7 9. Bd2 a6 10. Kb1 Be6 11.
h3 O-O-O 12. Nh4 Bxc4 13. Qxc4 g6 14. Nf3 g5 15. Rhe1 Qe6 16. Qd3 Rhe8 17. Nh2 d5 18.
exd5 Rxd5 19. Qe2 Red8 20. Bc1 Qf5 21. Rxd5 Rxd5 22. Nf1 Rd8 23. Ne3 Qe6 24. Nc4 e4 25.
b3 Re8 26. Bb2 Nd5 27. Ne3 f5 28. Nxd5 Qxd5 29. c4 Qe6 30. Qh5 Kb8 31. Bg7 f4 32.
Qxh6 Qf5 33. Qf6 Qxf6 34. Bxf6 1-0

[Event "Early-Titled-Tuesday-Blitz-October-24-2023"]
[Site "Chess.com"]
[Date "2023.10.24"]
[Round "4"]
[White "Nf3c5"]
[Black "CraiggoryC"]
[Result "1-0"]
[WhiteElo "2621"]
[BlackElo "2220"]
[TimeControl "180+1"]
[EndTime "8:37:20 PDT"]
[Termination "Nf3c5 won on time"]

1. d4 Nf6 2. Nf3 e6 3. Bg5 c5 4.
Nc3 cxd4 5. Qxd4 Nc6 6. Qh4 Be7 7. e4 d6 8. O-O-O Qa5 9. Nd2 h6 10. f4 O-O 11. Nc4 hxg5 12. fxg5 Nh7 13. Nxa5 Bxg5+ 14. Qxg5 Nxg5 15. Nxc6 bxc6 16. Rxd6 Bb7 17. h4 Nh7 18. Be2 Rfd8 19. Rhd1 Rxd6 20. Rxd6 Nf8 21. Na4 Rc8 22. Nc5 Ba8 23. b4 Ng6 24. g3 Ne5 25. a4 Rb8 26. c3 Kf8 27. Rd7 1-0

[Event "Early-Titled-Tuesday-Blitz-October-24-2023"]
[Site "Chess.com"]
[Date "2023.10.24"]
[Round "4"]
[White "RNG2200"]
[Black "oggy1984"]
[Result "0-1"]
[WhiteElo "2160"]
[BlackElo "2439"]
[TimeControl "180+1"]
[EndTime "8:37:21 PDT"]
[Termination "oggy1984 won by resignation"]

1. d4 d5 2. Bg5 f6 3. Bh4 Nh6 4.
e3 Nf5 5. Bg3 c5 6. c3 Nc6 7.
Bd3 g6 8. Ne2 e5 9. dxe5 fxe5 10. Bb5 Bg7 11. O-O O-O 12. Na3 a6 13. Bxc6 bxc6 14.
Qc2 a5 15. Rfd1 Qf6 16. e4 Nxg3 17. Nxg3 d4 18. cxd4 cxd4 19. f3 h5 20. Nc4 h4 21.
Nf1 h3 22. Nb6 hxg2 23. Qxg2 Rb8 24. Nxc8 Rbxc8 25. Rd3 c5 26. b3 Bh6 27. Re1 Bf4 28. h3 Rf7 29. Nh2 Rfc7 30. Ng4 Qh4 31. Qf2 Bg3 32.
Qe2 Bxe1 0-1

[Event "Early-Titled-Tuesday-Blitz-October-24-2023"]
[Site "Chess.com"]
[Date "2023.10.24"]
[Round "4"]
[White "Eloist"]
[Black "Akylbek2021"]
[Result "1-0"]
[WhiteElo "2464"]
[BlackElo "2263"]
[TimeControl "180+1"]
[EndTime "8:37:23 PDT"]
[Termination "Eloist won on time"]

1. e4 e5 2. Bc4 Nf6 3. d3 Nc6 4. Nf3 Bc5 5. c3 O-O 6. O-O d6 7.
Nbd2 h6 8. Re1 a5 9. Nf1 Re8 10. Ng3 Ne7 11. d4 exd4 12. cxd4 Bb4 13. Bd2 Bxd2 14.
Qxd2 Ng6 15. Bd3 Bg4 16. Re3 Nf4 17. Bc2 Qd7 18. Rc3 g5 19. Rc1 c6 20. Ne1 Re7 21. f3 Bh5 22. Nf5 Ree8 23. Nxh6+ Kh8 24. h4 Nh7 25. hxg5 Ne6 26. g4 Bg6 27. f4 c5 28. dxc5 Nxc5 29. Rxc5 Bxe4 30. Qd4+ 1-0

[Event "Early-Titled-Tuesday-Blitz-October-24-2023"]
[Site "Chess.com"]
[Date "2023.10.24"]
[Round "4"]
[White "Smiechu"]
[Black "djano"]
[Result "0-1"]
[WhiteElo "2504"]
[BlackElo "2674"]
[TimeControl "180+1"]
[EndTime "8:37:27 PDT"]
[Termination "djano won on time"]

1. e4 g6 2. d4 Bg7 3. Nc3 a6 4. Be3 b5 5. h4 h6 6. h5 g5 7. f4 gxf4 8. Bxf4 d6 9. Nf3 Bg4 10.
Be2 Nd7 11. Nh4 Bxe2 12. Nxe2 e6 13. Ng3 Ngf6 14. Qe2 Qe7 15. O-O-O Nb6 16. Qf3 Nfd7 17. Rhe1 Bf6 18. Nhf5 Qf8 19. e5 Be7 20. exd6 Bxd6 21. Ne4 Bxf4+ 22. Qxf4 O-O-O 23. Nfd6+ cxd6 24. Nxd6+ Kb8 25. Nxf7+ Ka8 26. Qf3+ Ka7 27. Rxe6 Rc8 28. Rde1 Rh7 29. Re7 Rc7 30. Qg3 Qc8 31. Qg6 Nf8 32. Qf6 Nd5 33. Rxc7+ Qxc7 0-1

[Event "Early-Titled-Tuesday-Blitz-October-24-2023"]
[Site "Chess.com"]
[Date "2023.10.24"]
[Round "4"]
[White "Martial2008"]
[Black "guillembaches"]
[Result "0-1"]
[WhiteElo "2646"]
[BlackElo "2494"]
[TimeControl "180+1"]
[EndTime "8:37:29 PDT"]
[Termination "guillembaches won by checkmate"]

1. d4 d5 2. Nf3 Nc6 3. Bf4 Bg4 4. e3 e6 5. Nbd2 Bd6 6. c3 f6 7. h3 Bh5 8. Bb5 Ne7 9. Bxd6 Qxd6 10. e4 O-O-O 11.
Qe2 e5 12. g4 Bg6 13. dxe5 Nxe5 14. O-O-O Qb6 15. Nxe5 fxe5 16. Bd3 d4 17. cxd4 Rxd4 18. Nb3 Rb4 19. Bc2 Nc6 20. Qe3 Nd4 21. Nxd4 exd4 22.
Qa3 Re8 23. Rhe1 Re5 24. f4 Ra5 25. Qd3 Rxa2 26. b3 Qa5 27. f5 Ra1+ 28. Bb1 Bf7 29. e5 Bxb3 30. e6 Rc4+ 31. Qxc4 Bxc4 32. Rd2 Qc3+ 33. Rc2 Qxe1+ 34. Kb2 Qxb1# 0-1

[Event "Early-Titled-Tuesday-Blitz-October-24-2023"]
[Site "Chess.com"]
[Date "2023.10.24"]
[Round "4"]
[White "Jospem"]
[Black "kleinebeer98"]
[Result "1-0"]
[WhiteElo "3140"]
[BlackElo "2840"]
[TimeControl "180+1"]
[EndTime "8:37:31 PDT"]
[Termination "Jospem won by checkmate"]

1. e4 e5 2. Nf3 Nc6 3. Bb5 f5 4. d3 fxe4 5. dxe4 Nf6 6. Qd3 d6 7. a3 Be7 8. Bc4 Bg4 9. Nc3 Bxf3 10. Qxf3 Nd4 11. Qd3 Nd7 12. Be3 Nc5 13. Qd1 c6 14.
O-O Bf6 15. f4 Qe7 16. b4 Nce6 17. f5 Ng5 18. Qd3 Nf7 19. b5 O-O 20. Rab1 Kh8 21.
Kh1 Rad8 22. bxc6 bxc6 23. Ba2 Ng5 24. Rb4 d5 25. exd5 e4 26. Qd2 Nxf5 27. Rxf5 Bxc3 28.
Rxf8+ Rxf8 29. Qxc3 Rf1+ 30. Bg1 h6 31. Bc4 Rc1 32. Qe3 Ra1 33. dxc6 Qd6 34. Be2 Qxc6 35. h4 Nf7 36. Qxe4 Qc7 37. Bd3 Kg8 38. Qe8# 1-0

[Event "Early-Titled-Tuesday-Blitz-October-24-2023"]
[Site "Chess.com"]
[Date "2023.10.24"]
[Round "4"]
[White "jcibarra"]
[Black "carokannlover213"]
[Result "0-1"]
[WhiteElo "2927"]
[BlackElo "2749"]
[TimeControl "180+1"]
[EndTime "8:37:31 PDT"]
[Termination "carokannlover213 won on time"]

1. e4 e5 2. Nf3 Nc6 3. Bb5 a6 4. Bxc6 dxc6 5. O-O Bd6 6. d4 exd4 7. Qxd4 f6 8. Be3 Ne7 9. Nbd2 Be6 10. Qc3 O-O 11.
Nc4 Bxc4 12. Qxc4+ Kh8 13. Rad1 Qe8 14. Bc5 Bxc5 15.
Qxc5 Ng6 16. Rfe1 Nf4 17. Qf5 Ne6 18. h4 g6 19. Qg4 Kg7 20. h5 Rd8 21. Rxd8 Nxd8 22.
e5 f5 23. Qh4 Ne6 24. h6+ Kf7 25. Qf6+ Kg8 26. Ng5 Rxf6 27. exf6 Qd7 28. Rxe6 Qd1+ 29. Kh2 Qh5+ 30. Nh3 Kf7 31. Re7+ Kxf6 32. Rxh7 g5 0-1

[Event "Early-Titled-Tuesday-Blitz-October-24-2023"]
[Site "Chess.com"]
[Date "2023.10.24"]
[Round "4"]
[White "Mikhail_Golubev"]
[Black "KorolDimitriy75"]
[Result "1-0"]
[WhiteElo "2524"]
[BlackElo "2334"]
[TimeControl "180+1"]
[EndTime "8:37:32 PDT"]
[Termination "Mikhail_Golubev won on time"]

1. e4 c5 2. Nf3 d6 3. d4 cxd4 4. Nxd4 Nf6 5. Nc3 g6 6. Be3 Bg7 7. f3 O-O 8. Qd2 Nc6 9. Bc4 Bd7 10. h4 Qa5 11. Bb3 Rfc8 12. O-O-O Ne5 13. g4 b5 14. h5 Nc4 15. Bxc4 bxc4 16. Bh6 Bh8 17. Nf5 Bxf5 18. exf5 Rab8 19. hxg6 hxg6 20. Bf8 Nh5 21. Rxh5 gxh5 22. Bxe7 Qe5 23. Bxd6 Qg7 24. Bxb8 Rxb8 25.
g5 Qe5 26. f6 h4 27. b3 1-0

[Event "Early-Titled-Tuesday-Blitz-October-24-2023"]
[Site "Chess.com"]
[Date "2023.10.24"]
[Round "4"]
[White "Nekoo04"]
[Black "Khromkin"]
[Result "0-1"]
[WhiteElo "2288"]
[BlackElo "2494"]
[TimeControl "180+1"]
[EndTime "8:37:32 PDT"]
[Termination "Khromkin won by resignation"]

1. d4 d5 2. c4 dxc4 3. Nf3 a6 4. g3 b5 5. Bg2 Bb7 6. O-O Nd7 7. a4 Ngf6 8. Nc3 b4 9. Nb1 a5 10. Qc2 Nb6 11. Nbd2 b3 12. Qb1 e6 13. e4 Bb4 14.
Re1 O-O 15. Bf1 Rc8 16. Re3 Ng4 17. Nxc4 Nxc4 18. Bxc4 Nxe3 19. Bxe3 c5 20. d5 exd5 21. exd5 Bxd5 22. Ng5 g6 23. Qd3 Bxc4 24. Qxc4 Qf6 25. Rd1 Rfd8 26. Rf1 Re8 27. Qh4 h5 28. Rd1 Rcd8 29.
Rxd8 Rxd8 30. Qe4 Bd2 31. Bxc5 Bxg5 0-1

[Event "Early-Titled-Tuesday-Blitz-October-24-2023"]
[Site "Chess.com"]
[Date "2023.10.24"]
[Round "4"]
[White "GMWSO"]
[Black "vladgoncharov"]
[Result "1-0"]
[WhiteElo "3066"]
[BlackElo "2585"]
[TimeControl "180+1"]
[EndTime "8:37:35 PDT"]
[Termination "GMWSO won on time"]

1. b3 Nf6 2. Bb2 e6 3. Nf3 b6 4.
g3 Bb7 5. Bg2 Be7 6. c4 c5 7.
O-O O-O 8. d4 cxd4 9. Qxd4 d6 10.
Nc3 a6 11. e4 Nbd7 12. Rfe1 Qc7 13. Rac1 Rac8 14. h3 Rfe8 15. Qe3 Bf8 16. Nd4 Qb8 17. g4 h6 18. Kh1 g5 19. Rcd1 Ne5 20. Nde2 d5 21. f4 gxf4 22. Qxf4 Bg7 23. exd5 exd5 24.
Nxd5 Nxd5 25. cxd5 Ng6 26. Qxb8 Rxb8 27. Bxg7 Kxg7 28. Kg1 Rbd8 29. Kf2 Rd7 30. Rd2 Red8 31.
Red1 Rd6 32. Ng3 R6d7 33. Nf5+ Kf6 34. d6 Bxg2 35. Kxg2 h5 36. Kg3 hxg4 37. hxg4 Ne5 38. Rf2 Kg6 39. Rd5 f6 40. Nh4+ Kg7 41. g5 Nf7 42.
gxf6+ Kh6 43. Rfd2 Rxd6 44. Rxd6 1-0

[Event "Early-Titled-Tuesday-Blitz-October-24-2023"]
[Site "Chess.com"]
[Date "2023.10.24"]
[Round "4"]
[White "Kildepiotr"]
[Black "lilleper1"]
[Result "0-1"]
[WhiteElo "2659"]
[BlackElo "2886"]
[TimeControl "180+1"]
[EndTime "8:37:37 PDT"]
[Termination "lilleper1 won by resignation"]

1. Nf3 Nf6 2. g3 c5 3. Bg2 Nc6 4. O-O e5 5. c4 d5 6. cxd5 Nxd5 7.
Nc3 Be6 8. e3 Nc7 9. b3 Be7 10.
Bb2 O-O 11. Rc1 Qd3 12. Ne1 Qd7 13. f4 Rad8 14. Ne4 b6 15. fxe5 Bf5 16. Nf6+ Bxf6 17.
exf6 g6 18. Rxf5 gxf5 19. Qh5 Kh8 20. Nf3 Ne6 21. Qxf5 Rg8 22. Nh4 Qxd2 23. Be4 Ng5 24. Bc2 Qxe3+ 25. Kh1 Nd4 26. Bxd4 Qxc1+ 27. Bg1 Rd2 28. Be4 Rd1 29. Nf3 Nxe4 30. Qxe4 Qh6 31. Qe5 Rdd8 32. Be3 Qg6 33. Kg2 Rde8 34. Qc3 Qe4 35.
Bf4 Rd8 36. Kf2 Rd3 0-1

[Event "Early-Titled-Tuesday-Blitz-October-24-2023"]
[Site "Chess.com"]
[Date "2023.10.24"]
[Round "4"]
[White "EdmundPlayer"]
[Black "DonJuanEGenaro"]
[Result "0-1"]
[WhiteElo "2208"]
[BlackElo "1799"]
[TimeControl "180+1"]
[EndTime "8:37:37 PDT"]
[Termination "DonJuanEGenaro won by resignation"]

1. d4 d5 2. Nc3 Nf6 3. Bg5 Bf5 4. f3 c6 5. g4 Bg6 6. e3 h6 7. Bxf6 exf6 8. Bd3 Bxd3 9. Qxd3 Bd6 10. Nge2 b5 11. O-O-O a5 12. e4 a4 13. exd5 b4 14. Ne4 cxd5 15.
Nxd6+ Qxd6 16. Rde1 O-O 17. h4 b3 18. a3 bxc2 19. g5 f5 20. Qxf5 g6 21. Qe5 Qxe5 22.
dxe5 Nc6 23. f4 Rfc8 24. gxh6 d4 25. Rh3 Na5 26. Nxd4 Rc4 27. Nxc2 Rac8 28. Re2 Nb3+ 29. Kd1 Rxf4 30. e6 Rf1+ 31. Re1 Rxe1+ 32. Nxe1 Re8 33. h7+ Kxh7 34. exf7 Rd8+ 35. Ke2 Kg7 36. Rf3 Nd4+ 37.
Ke3 Nxf3 38. Nxf3 Kxf7 39. Ne5+ Kg7 40. Nc6 Rd6 41. Nb4 Re6+ 42. Kf4 Re2 43. Nd3 Rd2 44. Nc5 Rxb2 45. Nxa4 Ra2 46. Nc5 Rxa3 47. Ne6+ Kf6 48.
Ng5 Ra4+ 49. Kg3 Kf5 50. Nf3 Ra3 51. Kg2 Kf4 52. Ng5 Rg3+ 53. Kh2 Rg4 54. Ne6+ Kf5 55.
Ng5 Rxh4+ 56. Kg3 Rg4+ 57. Kf3 Rxg5 0-1

[Event "Early-Titled-Tuesday-Blitz-October-24-2023"]
[Site "Chess.com"]
[Date "2023.10.24"]
[Round "4"]
[White "diamonds13"]
[Black "Mr_Lion22"]
[Result "1-0"]
[WhiteElo "2305"]
[BlackElo "2479"]
[TimeControl "180+1"]
[EndTime "8:37:38 PDT"]
[Termination "diamonds13 won on time"]

1. d4 d5 2. c4 e6 3. Nc3 c6 4. e3 Bd6 5. Nf3 f5 6. Bd3 Nf6 7. h3 O-O 8. g4 Ne4 9. cxd5 exd5 10.
Ne5 Bxe5 11. dxe5 Nxc3 12. bxc3 Qe7 13. f4 Qh4+ 14. Kd2 Qe7 15. a4 c5 16. Ba3 Nc6 17. Qf3 Kh8 18. Kc2 Be6 19. Rab1 b6 20.
gxf5 Rxf5 21. Bxf5 Bxf5+ 22. Kb2 Be4 23. Qg4 Na5 24. Rbg1 Nc4+ 25. Ka2 Nxe3 26. Qg3 Nf5 27. Qe1 Qd7 28. Rh2 Qxa4 29. Qd1 Qa5 30. Qb3 b5 31. Rb2 Rb8 32. e6 Bd3 33. Qxd5 Rd8 34. Qxc5 Bc4+ 35. Ka1 Qa4 36. Rgb1 h6 37. e7 Re8 38. Qb4 Qa6 39.
Re1 Kh7 40. Qc5 Qa4 41. Qxf5+ 1-0

[Event "Early-Titled-Tuesday-Blitz-October-24-2023"]
[Site "Chess.com"]
[Date "2023.10.24"]
[Round "4"]
[White "Matols"]
[Black "C_K_G"]
[Result "1-0"]
[WhiteElo "2416"]
[BlackElo "1873"]
[TimeControl "180+1"]
[EndTime "8:37:38 PDT"]
[Termination "Matols won on time"]

1. d4 d5 2. c4 e6 3. Nc3 Nf6 4. cxd5 exd5 5. Bg5 Be7 6. e3 a6 7. Qc2 O-O 8. Bd3 h6 9. Bh4 b6 10. Nge2 Bb7 11. O-O c5 12. dxc5 bxc5 13. Rfd1 Nc6 14.
a3 Ne5 15. Bf5 Qb6 16. Bxf6 Qxf6 17. Nxd5 Qg5 18. f4 Nf3+ 19. Kf2 Qh4+ 20. Kxf3 Rfd8 21. e4 Bxd5 22. exd5 Bf6 23. g3 Qh5+ 24. Bg4 Qg6 25. Qxg6 fxg6 26. Nc3 Rab8 27. Be6+ Kh7 28. Rd2 a5 29. a4 Rb4 30. d6 Bd4 31. d7 Rb6 32. f5 gxf5 33. Bxf5+ g6 34. Bh3 h5 35. Nb5 Rf6+ 36. Kg2 g5 37. Kh1 g4 38. Bg2 Rxd7 39. Nxd4 cxd4 40. Rad1 Rfd6 41. Be4+ Kg7 42. Kg2 Kf6 43.
Bd3 Rd8 44. Rf1+ Kg5 45. Rf5+ Kh6 46. Rxa5 Rb6 47. Ra6 Rdd6 48. Rxb6 Rxb6 49. a5 Rb3 50. a6 1-0

[Event "Early-Titled-Tuesday-Blitz-October-24-2023"]
[Site "Chess.com"]
[Date "2023.10.24"]
[Round "4"]
[White "deepfear"]
[Black "Jojo_898"]
[Result "0-1"]
[WhiteElo "1783"]
[BlackElo "2347"]
[TimeControl "180+1"]
[EndTime "8:37:38 PDT"]
[Termination "Jojo_898 won on time"]

1. e4 d6 2. d4 Nf6 3. Nc3 g6 4. f4 c6 5. Nf3 b5 6. a3 Bg7 7. Bd3 O-O 8. O-O a5 9. h3 Bb7 10. Qe2 b4 11. axb4 axb4 12. Rxa8 Bxa8 13. Nd1 Nh5 14. Qf2 Nd7 15. c3 e5 16. fxe5 dxe5 17. dxe5 Nxe5 18. Nxe5 Bxe5 19. Bc4 Ng3 20. Re1 bxc3 21. bxc3 Qc7 22. Bh6 Rd8 23. Bg5 Rd7 24.
Bh4 Nxe4 25. Rxe4 Rxd1+ 26. Bf1 c5 27. Re1 Rxe1 28. Qxe1 Qd6 29. Bf2 Qf6 30. Bxc5 Bc6 31. Bd4 Bxd4+ 32. cxd4 Qxd4+ 33. Kh2 Qf4+ 34. Kg1 Qd4+ 35.
Kh2 h5 36. Qc1 Qd6+ 37. Kg1 h4 38. Qc2 Qd4+ 39. Qf2 Qe4 0-1

[Event "Early-Titled-Tuesday-Blitz-October-24-2023"]
[Site "Chess.com"]
[Date "2023.10.24"]
[Round "4"]
[White "ContrVersia"]
[Black "NovozhilovSemen"]
[Result "0-1"]
[WhiteElo "2906"]
[BlackElo "2698"]
[TimeControl "180+1"]
[EndTime "8:37:40 PDT"]
[Termination "NovozhilovSemen won by resignation"]

1. Nf3 Nf6 2. c4 c5 3. b3 g6 4. g3 Bg7 5. Bb2 b6 6. Bg2 Bb7 7. O-O O-O 8. d4 cxd4 9. Qxd4 d6 10. Nc3 Nbd7 11. Qf4 Rc8 12. Rac1 Qc7 13. Rfd1 Qb8 14. Qe3 Rfe8 15. h3 Qa8 16. g4 h6 17. Ba1 Ne5 18. Ne1 Bxg2 19. Nxg2 Nfd7 20. Nd5 Qb7 21. f4 Nc6 22.
Bxg7 Kxg7 23. b4 e6 24. Qc3+ Kh7 25. Nde3 d5 26. cxd5 exd5 27. Qb3 d4 28. Qxf7+ Kh8 29. Qxg6 dxe3 30. Qxh6+ Kg8 31. Qg6+ Kf8 32. Nh4 Ne7 33. Qh6+ Kg8 34. Qg5+ Kf8 35. Rxc8 Rxc8 36. f5 Rc6 37.
Qxe3 Qc7 38. Kg2 Rc3 39. Qh6+ Ke8 40. Qh8+ Kf7 41. Rxd7 Qg3+ 0-1

[Event "Early-Titled-Tuesday-Blitz-October-24-2023"]
[Site "Chess.com"]
[Date "2023.10.24"]
[Round "4"]
[White "Rud_Makarian"]
[Black "whitemirrorninja"]
[Result "1-0"]
[WhiteElo "2961"]
[BlackElo "2573"]
[TimeControl "180+1"]
[EndTime "8:37:40 PDT"]
[Termination "Rud_Makarian won on time"]

1. d4 d5 2. c4 c6 3. Nf3 Nf6 4. Nc3 g6 5. cxd5 cxd5 6. Bf4 Bg7 7. e3 O-O 8. h3 Nc6 9. Be2 Bf5 10. Qb3 Qb6 11.
Qxb6 axb6 12. Ne5 Nd7 13. Nxd7 Bxd7 14. Nxd5 e5 15. dxe5 Nxe5 16. Nxb6 Rad8 17. Nxd7 Rxd7 18. Rd1 Rxd1+ 19. Kxd1 Nc6 20. Kc2 Rd8 21. a3 Na5 22.
Rd1 Rc8+ 23. Kb1 h6 24. Rd7 g5 25. Bd6 Nb3 26. Rc7 Rd8 27. Bb4 Nd2+ 28. Ka2 Ne4 29.
Bc4 Kh8 30. Rxf7 Nd2 31. Bb5 Ne4 32. Rd7 Rc8 33. f3 Rc2 34. Kb3 Rxb2+ 35. Ka4 Nc3+ 36.
Bxc3 Bxc3 37. g4 Rh2 38. Rxb7 Rxh3 39. Bc6 Rh2 40. Kb3 Bd2 41. Re7 Re2 42. e4 Bf4 43. a4 Re3+ 44. Kc4 Rxf3 45. a5 Ra3 46. Kb5 Rb3+ 47. Ka4 Rb1 48. a6 Bd2 49. a7 Ra1+ 50.
Kb3 Rxa7 51. Rxa7 1-0

[Event "Early-Titled-Tuesday-Blitz-October-24-2023"]
[Site "Chess.com"]
[Date "2023.10.24"]
[Round "4"]
[White "Lady_Nika"]
[Black "UmarovSabir"]
[Result "1/2-1/2"]
[WhiteElo "2489"]
[BlackElo "2310"]
[TimeControl "180+1"]
[EndTime "8:37:41 PDT"]
[Termination "Game drawn by repetition"]

1. e4 c6 2. d4 g6 3. Nc3 Bg7 4. f3 d5 5. e5 f6 6. f4 Nh6 7. Nf3 Bg4 8. Be3 Qb6 9. Na4 Qa5+ 10. c3 Nf5 11. Bf2 fxe5 12. fxe5 Bh6 13. Bd3 O-O 14. b4 Qc7 15. Nc5 Ne3 16. Bxe3 Bxe3 17. Qe2 Bh6 18. O-O b6 19. Nb3 Nd7 20. h3 Bxf3 21. Rxf3 Rxf3 22. Qxf3 Rf8 23. Qg4 Nxe5 24. dxe5 Qxe5 25. Bxg6 hxg6 26.
Qxg6+ Bg7 27. Qxc6 e6 28. Nd4 Qe3+ 29. Kh1 Rf6 30.
Qe8+ Kh7 31. Nf3 Qxc3 32. Rf1 Rg6 33. Nh4 Rg5 34. Qxe6 Qd3 35. Qf7 Qe4 36. Rf4 Qe1+ 37. Kh2 Qg3+ 38. Kg1 Qe1+ 39. Kh2 Qg3+ 40. Kh1 Qe1+ 41.
Kh2 1/2-1/2

[Event "Early-Titled-Tuesday-Blitz-October-24-2023"]
[Site "Chess.com"]
[Date "2023.10.24"]
[Round "4"]
[White "LuisFSiles"]
[Black "Haykoooo0o"]
[Result "1-0"]
[WhiteElo "2283"]
[BlackElo "2465"]
[TimeControl "180+1"]
[EndTime "8:37:45 PDT"]
[Termination "LuisFSiles won on time"]

1. e4 g6 2. Nc3 Bg7 3. f4 c5 4. Nf3 Nc6 5. Bb5 d6 6. Bxc6+ bxc6 7. d3 Nf6 8. O-O O-O 9. Qe1 d5 10. Qh4 c4 11. f5 cxd3 12. cxd3 dxe4 13. dxe4 Rb8 14.
Bh6 Bxh6 15. Qxh6 Ng4 16. Qh4 h5 17. fxg6 fxg6 18. Qg5 Kh7 19. Nh4 Qd4+ 20. Kh1 Rxf1+ 21. Rxf1 Qg7 22. Nxg6 Qxg6 23. Qxe7+ Kh6 24. Qf8+ Qg7 25. Qf4+ Kh7 26. Qxb8 Be6 27. Qf4 Bc4 28. Rd1 Be6 29. h3 Nh6 30. Rd6 Bc8 31. e5 Ng8 32. Ne4 Kh8 33. Qg5 Qh7 34. Rd8 Be6 35. Qf6+ Qg7 36. Qxe6 1-0

[Event "Early-Titled-Tuesday-Blitz-October-24-2023"]
[Site "Chess.com"]
[Date "2023.10.24"]
[Round "4"]
[White "meoluoi91"]
[Black "Estrategia_vs_Tactica"]
[Result "1-0"]
[WhiteElo "2601"]
[BlackElo "2273"]
[TimeControl "180+1"]
[EndTime "8:37:46 PDT"]
[Termination "meoluoi91 won on time"]

1. d4 Nf6 2. Nf3 e6 3. g3 b6 4. Bg2 Bb7 5. O-O Be7 6. c4 O-O 7. Nc3 Ne4 8. Qc2 Nxc3 9. Qxc3 d6 10. Rd1 Bf6 11. Qc2 Nd7 12. b4 a5 13. b5 e5 14.
e3 exd4 15. exd4 Re8 16. Bb2 g6 17. h4 h5 18. Re1 Rxe1+ 19. Rxe1 Qf8 20. Qe2 Rb8 21.
Qe3 d5 22. Ne5 Qe7 23. cxd5 Qd8 24. Ba3 Nf8 25. Nc6 Bxc6 26. bxc6 b5 27. Bc5 Bg7 28. Bh3 Qf6 29. Qe7 Qf3 30. Bg2 Qc3 31. Re3 Qa1+ 32. Kh2 Bxd4 33. Bxd4 Qxd4 34. Qxc7 Ra8 35. Rf3 Qxd5 36.
Rf6 Qc4 37. Qb7 Re8 38. c7 1-0